 Dungeon Crawl Stone Soup version 0.29.0-15-g675c0067aa (webtiles) character file.

Game seed: 14899275355901547207

52132 benadryl the Executioner (level 14, 0/140 HPs)
             Began as a Minotaur Berserker on Sept 11, 2022.
             Was a High Priest of Trog.
             Succumbed to a black mamba's poison
             ... on level 5 of the Lair of Beasts.
             The game lasted 00:20:25 (21473 turns).

benadryl the Executioner (Minotaur Berserker)      Turns: 21473, Time: 00:20:26

Health: 0/140      AC: 14    Str: 27    XL:     14   Next: 26%
Magic:  13/13      EV: 26    Int:  6    God:    Trog [*****.]
Gold:   1079       SH:  0    Dex: 10    Spells: 13/13 levels left

rFire   + . .      SeeInvis .   T - +5 executioner's axe (vorpal)
rCold   . . .      Faith    .   (shield currently unavailable)
rNeg    + . .      Spirit   .   s - +2 ring mail {rF+}
rPois   +          Reflect  .   C - +0 hat of Music {rPois}
rElec   .          Harm     .   h - +0 cloak
rCorr   +          Rampage  .   n - +0 pair of gloves
Will    ++...                   K - +0 pair of boots
Stlth   ..........              r - amulet of the acrobat
HPRegen 0.33/turn               N - +4 ring of protection
MPRegen 0.13/turn               P - ring "Quzeuvot" {rN+ Will+ rCorr Int+2}

@: lethally poisoned (0 -> -5), on berserk cooldown, acrobatic, slowed, very
slow
A: horns 2, retaliatory headbutt
a: Renounce Religion, Berserk, Trog's Hand, Brothers in Arms


You were on level 5 of the Lair of Beasts.
You worshipped Trog.
Trog was extremely pleased with you.
You visited 2 branches of the dungeon, and saw 19 of its levels.
You also visited: Ossuary.

You collected 1079 gold pieces.

Inventory:

Hand Weapons
 a - the +7 battleaxe of the Blowfly {vorpal, Str+3}
   (You acquired it on level 4 of the Dungeon)

   It inflicts extra damage upon your enemies.
   Str:       It affects your strength (+3).
 b - a +3 antimagic battleaxe
 T - a +5 vorpal executioner's axe (weapon)
Missiles
 w - 11 throwing nets (quivered)
 z - 6 javelins
Armour
 e - a +0 chain mail
 h - a +0 cloak (worn)
 k - a +2 scale mail of poison resistance
 n - a +0 pair of gloves (worn)
 s - a +2 ring mail of fire resistance (worn)
 C - the +0 hat of Music (worn) {rPois}
   (You found it on level 7 of the Dungeon)

   rPois:     It protects you from poison.
 K - a +0 pair of boots (worn)
Jewellery
 r - an amulet of the acrobat (around neck)
 D - a ring of ice
 N - a +4 ring of protection (left hand)
 O - a ring of poison resistance
 P - the ring "Quzeuvot" (right hand) {rN+ Will+ rCorr Int+2}
   (You found it on level 2 of the Lair of Beasts)

   [ring of willpower]

   Int:       It affects your intelligence (+2).
   rN:        It protects you from negative energy.
   rCorr:     It protects you from acid and corrosion.
   Will:      It increases your willpower.
Wands
 j - a wand of roots (13)
 x - a wand of digging (9)
 y - a wand of charming (9)
 E - a wand of light (14)
 Q - a wand of mindburst (12)
 R - a wand of flame (65)
Scrolls
 c - a scroll of enchant armour
 d - 2 scrolls of vulnerability
 i - 2 scrolls of identify {@r1}
 t - a scroll of magic mapping {unknown}
 v - a scroll of blinking
 B - a scroll of brand weapon {unknown}
 I - 3 scrolls of butterflies {unknown}
 L - 2 scrolls of poison
 S - 2 scrolls of torment
Potions
 f - a potion of cancellation
 g - a potion of brilliance
 l - 4 potions of magic
 m - 4 potions of degeneration
 o - 3 potions of berserk rage
 p - 9 potions of ambrosia
 q - 6 potions of curing {@q1}
 u - 3 potions of flight
 A - 3 potions of lignification {unknown}
 F - 4 potions of attraction {unknown}
 G - 2 potions of mutation
 H - 2 potions of resistance
 J - 2 potions of heal wounds {unknown}
 M - 2 potions of might {unknown}


   Skills:
 + Level 17.5 Fighting
 * Level 25.9 Axes
 - Level 2.4 Armour
 - Level 2.1 Dodging


You had 13 spell levels left.
You didn't know any spells.
Your spell library was empty.

Dungeon Overview and Level Annotations

Branches:
Dungeon (14/15)            Temple (0/1) D:4            Lair (5/5) D:10
 Shoals (0/4) Lair:3       Spider (0/4) Lair:2        Slime (0/5) Lair:4
    Orc (0/2) D:10        Ossuary (visited)
 Vaults: D:13-14

Altars:
Ashenzari
Cheibriados
Gozag
Kikubaaqudgha
Nemelex Xobeh
Okawaru
Ru
Sif Muna
Trog
Yredelemnul
Zin
The Shining One

Shops:
D:2 !

Annotations:
D:6 2 transporters
D:11 Nergalle


Innate Abilities, Weirdness & Mutations

You have a pair of horns on your head.
You reflexively headbutt those who attack you in melee.


Message History

You hit the guardian serpent.
The guardian serpent is almost dead.
You slash the black mamba!
You kill the black mamba!
Trog accepts your kill.
* * * LOW HITPOINT WARNING * * *
You feel sick.
You hit the guardian serpent but do no damage.
Your headbutt misses the guardian serpent.
The guardian serpent is almost dead.
* * * LOW HITPOINT WARNING * * *
You feel sick. The guardian serpent misses you.
You slice the guardian serpent!!
You kill the guardian serpent!
Trog accepts your kill.
Trog appreciates your killing of a magic user.
* * * LOW HITPOINT WARNING * * *
You feel sick.
You are too berserk!
Unknown command.
There is a lethal amount of poison in your body!
You are too berserk!
* * * LOW HITPOINT WARNING * * *
You feel sick.
Things that are here:
a redback corpse; a cane toad corpse You feel a strong urge to attack something.
* * * LOW HITPOINT WARNING * * *
You feel sick.
* * * LOW HITPOINT WARNING * * *
You feel sick.
You are too berserk!
You are too berserk!
You feel your anger nearly subside.
* * * LOW HITPOINT WARNING * * *
You feel sick.
You are no longer berserk.
You are exhausted.
You feel yourself slow down.
You die...

............†.##........#
...............#.PP..P..#
...^.....##....##......##
....)...†###....#
...........##...#
............##...#
.......PP..†.##..##
.......P......##..#
.......P###...@##.##
......# ###...#..###
..##.. ###......## ## #..
...####††..# P.
......†....# ......†.†..#
...####....# .# ##..##
###


There were no monsters in sight!

Vanquished Creatures
  Snorg (Lair:3)
  Harold (D:9)
  2 boulder beetles (D:12)
  2 hydras
  3 catoblepae
  4 two-headed ogres
  4 death yaks (Lair:2)
  2 tengu warriors (D:8)
  Sonja (Lair:2)
  Amaemon (Lair:2)
  An orb spider (Lair:2)
  2 cyclopes
  4 elephants (Lair:3)
  A wolf spider (Lair:5)
  A manticore (Lair:3)
  5 black mambas
  A guardian serpent (Lair:5)
  10 cane toads
  A torpor snail (Lair:1)
  A gargoyle (D:12)
  An unseen horror (D:12)
  Maggie (D:8)
  An orange demon (Lair:2)
  4 komodo dragons
  3 kobold demonologists
  3 rime drakes
  3 yaktaurs (D:12)
  A polar bear (Lair:4)
  A wind drake (Lair:3)
  A hornet (Lair:5)
  3 trolls
  Grinder (D:5)
  5 dream sheep (Lair:4)
  10 blink frogs
  3 shadows
  Sigmund (D:2)
  50 yaks
  7 wyverns
  A wraith (D:12)
  A steam dragon (Lair:1)
  3 redbacks (Lair:5)
  2 basilisks
  An acid dragon (D:11)
  Duvessa (D:4)
  12 water moccasins
  4 orc warriors
  An ice beast (D:5)
  2 black bears
  A sky beast (D:7)
  Pargi (D:4)
  23 wolves
  4 ogres
  A centaur (D:8)
  2 phantoms
  6 gnoll sergeants
  6 kobold brigands
  A necrophage (D:5)
  4 scorpions
  16 bullfrogs
  15 wights
  Dowan (D:4)
  27 killer bees
  2 howler monkeys
  A vampire bat (Lair:1)
  2 centaur zombies (Ossuary)
  7 hounds
  4 jellies
  A human zombie (Ossuary)
  Jessica (D:2)
  Natasha (twice) (D:2)
  Terence (D:3)
  3 iguanas
  8 orc wizards
  2 mummies (Ossuary)
  Robin (D:1)
  21 gnolls
  10 adders
  2 shadow imps
  2 white imps (D:7)
  3 adder zombies (Ossuary)
  A worm (D:2)
  A dart slug (D:2)
  31 orcs
  6 ball pythons
  9 bats
  3 endoplasms
  A giant cockroach (D:1)
  9 goblins
  9 hobgoblins
  6 jackals (D:1)
  20 kobolds
  5 quokkas
  3 frilled lizards
  3 goblin zombies (Ossuary)
  11 hobgoblin zombies (Ossuary)
  9 kobold zombies (Ossuary)
  7 orc zombies (Ossuary)
  3 rats
  A rat zombie (Ossuary)
494 creatures vanquished.

Vanquished Creatures (collateral kills)
  Gastronok (D:12)
  2 hydras
  A cane toad (Lair:3)
  A queen bee (D:10)
  2 killer bees (D:10)
7 creatures vanquished.

Vanquished Creatures (others)
  A wolf (Lair:4)
  A jelly (D:6)
  55 fungi
  81 plants
138 creatures vanquished.

Grand Total: 639 creatures vanquished

Notes
Turn   | Place    | Note
-------+----------+-------------------------------------------
     0 | D:1      | benadryl the Minotaur Berserker began the quest for the
                  | Orb.
     0 | D:1      | Reached XP level 1. HP: 19/19 MP: 0/0
   329 | D:1      | Reached skill level 4 in Axes
   429 | D:1      | Reached XP level 2. HP: 14/27 MP: 1/1
  1419 | D:2      | Reached XP level 3. HP: 31/33 MP: 2/2
  1420 | D:2      | Noticed Robin
  1423 | D:2      | Reached ** piety under Trog
  1534 | D:1      | Reached skill level 5 in Axes
  1535 | D:2      | Noticed Sigmund
  1542 | D:1      | Killed Robin
  1758 | D:2      | Killed Sigmund
  1759 | D:2      | Reached skill level 5 in Fighting
  1759 | D:2      | Reached skill level 6 in Axes
  1759 | D:2      | Reached XP level 4. HP: 30/42 MP: 3/3
  1759 | D:2      | Reached XP level 5. HP: 34/48 MP: 4/4
  2569 | D:2      | Found a faded altar of an unknown god.
  2638 | D:2      | Noticed Jessica
  2644 | D:2      | Killed Jessica
  2720 | D:2      | Noticed Natasha
  2723 | D:2      | Killed Natasha
  2724 | D:2      | Reached skill level 7 in Axes
  2724 | D:2      | Reached XP level 6. HP: 52/56 MP: 5/5
  2818 | D:2      | Found Zikafamayl's Distillery.
  2962 | D:2      | Noticed Natasha
  2971 | D:2      | Killed Natasha
  3207 | D:3      | Noticed Terence
  3217 | D:3      | Killed Terence
  3831 | D:4      | Noticed Pargi
  3844 | D:4      | Killed Pargi
  3867 | D:3      | Reached skill level 8 in Axes
  4370 | D:4      | Reached XP level 7. HP: 62/63 MP: 6/6
  4417 | D:4      | Found a broken altar of Ashenzari.
  4436 | D:4      | Found a sand-covered staircase.
  4447 | Ossuary  | Entered an ossuary
  4461 | Ossuary  | Reached *** piety under Trog
  4690 | D:4      | Reached skill level 9 in Axes
  4691 | D:4      | Reached **** piety under Trog
  4770 | D:4      | Found a sacrificial altar of Ru.
  4773 | D:4      | Identified a scroll of acquirement
  4773 | D:4      | Acquired the +7 battleaxe of the Blowfly {vorpal, Str+3}
  5020 | D:4      | Noticed Duvessa
  5020 | D:4      | Noticed Dowan
  5025 | D:4      | Killed Duvessa
  5033 | D:4      | Killed Dowan
  5034 | D:4      | Reached XP level 8. HP: 50/73 MP: 7/7
  5254 | D:4      | Found a staircase to the Ecumenical Temple.
  5568 | D:5      | Entered Level 5 of the Dungeon
  5844 | D:5      | Reached skill level 10 in Axes
  5873 | D:5      | Noticed Grinder
  5881 | D:5      | Paralysed by Grinder for 4 turns
  5887 | D:5      | Killed Grinder
  6080 | D:5      | Reached skill level 11 in Axes
  6394 | D:5      | Found a bloodstained altar of Trog.
  6496 | D:5      | Found an ancient bone altar of Kikubaaqudgha.
  6570 | D:5      | Found a snail-covered altar of Cheibriados.
  6646 | D:5      | Found a glowing golden altar of the Shining One.
  6648 | D:5      | Noticed an angel
  6653 | D:5      | Found a basalt altar of Yredelemnul.
  6655 | D:5      | Noticed a profane servitor
  6762 | D:6      | Found an iron altar of Okawaru.
  6791 | D:6      | Reached XP level 9. HP: 82/82 MP: 8/8
  6801 | D:6      | Reached skill level 12 in Axes
  6893 | D:6      | Found a transporter.
  6950 | D:6      | Found a transporter.
  7268 | D:6      | Reached ***** piety under Trog
  7599 | D:6      | Found a sparkling altar of Nemelex Xobeh.
  7857 | D:7      | Identified the +0 hat of Music {rPois}
  7995 | D:7      | Reached skill level 13 in Axes
  8115 | D:7      | Reached skill level 10 in Fighting
  8899 | D:8      | Noticed Maggie
  8905 | D:8      | Killed Maggie
  8906 | D:8      | Reached skill level 14 in Axes
  8923 | D:8      | Reached XP level 10. HP: 46/94 MP: 9/9
  9355 | D:8      | Noticed a tengu warrior
  9357 | D:8      | Noticed a tengu warrior
  9365 | D:8      | Killed a tengu warrior
  9366 | D:8      | Reached skill level 15 in Axes
  9369 | D:8      | Killed a tengu warrior
  9811 | D:8      | Found a shimmering blue altar of Sif Muna.
 10145 | D:9      | Found an opulent altar of Gozag.
 10278 | D:9      | Reached skill level 16 in Axes
 10634 | D:9      | Reached XP level 11. HP: 90/104 MP: 10/10
 10953 | D:9      | Noticed Harold
 10958 | D:9      | Killed Harold
 10985 | D:9      | Identified the +3 sling "Gighuont" {vorpal, rN+ Str+3
                  | Dex+5}
 11314 | D:9      | Found a glowing silver altar of Zin.
 11491 | D:10     | Entered Level 10 of the Dungeon
 11509 | D:10     | Received a gift from Trog
 11510 | D:10     | Reached skill level 17 in Axes
 11527 | D:10     | Found a staircase to the Lair.
 11785 | D:10     | Found a staircase to the Orcish Mines.
 11835 | D:11     | You fall into a shaft and drop 3 floors!
 12285 | D:12     | Noticed a boulder beetle
 12298 | D:12     | Killed a boulder beetle
 12300 | D:12     | Noticed Gastronok
 12301 | D:12     | Noticed an eight-headed hydra
 12305 | D:12     | Killed a nine-headed hydra
 12306 | D:12     | Reached skill level 18 in Axes
 12372 | D:12     | Killed Gastronok
 12757 | D:12     | Noticed a boulder beetle
 12769 | D:12     | Killed a boulder beetle
 12770 | D:12     | Reached XP level 12. HP: 107/117 MP: 11/11
 12826 | D:11     | Noticed a five-headed hydra
 12827 | D:11     | Noticed a two-headed ogre
 12832 | D:11     | Killed a five-headed hydra
 12833 | D:11     | Reached skill level 19 in Axes
 12837 | D:11     | Killed a two-headed ogre
 12870 | D:11     | Noticed a two-headed ogre
 12881 | D:11     | Killed a two-headed ogre
 13147 | D:11     | Noticed a tengu reaver
 13148 | D:11     | Noticed a centaur warrior
 13150 | D:11     | Noticed a two-headed ogre
 13464 | D:12     | Killed a two-headed ogre
 13544 | D:11     | Noticed a boulder beetle
 13544 | D:11     | Noticed a boulder beetle
 13548 | D:11     | Noticed a two-headed ogre
 13621 | D:12     | Killed a two-headed ogre
 14175 | D:11     | Identified the +7 falchion of Distant Worlds {flame, rN+}
 14240 | D:11     | Noticed a seven-headed hydra
 14240 | D:11     | Noticed Nergalle
 14301 | D:10     | Reached skill level 20 in Axes
 14967 | Lair:1   | Entered Level 1 of the Lair of Beasts
 14989 | Lair:1   | Acquired a manual of Axes
 15019 | Lair:1   | Reached skill level 15 in Fighting
 15118 | Lair:1   | Reached skill level 21 in Axes
 15228 | Lair:1   | Noticed a catoblepas
 15239 | Lair:1   | Killed a catoblepas
 15252 | Lair:1   | Received a gift from Trog
 15553 | Lair:1   | Noticed an eight-headed hydra
 15562 | Lair:1   | Killed an 11-headed hydra
 15563 | Lair:1   | Reached XP level 13. HP: 93/127 MP: 12/12
 16170 | Lair:2   | Reached skill level 22 in Axes
 16182 | Lair:2   | Noticed Sonja
 16200 | Lair:2   | Killed Sonja
 16487 | Lair:2   | Reached skill level 23 in Axes
 16898 | Lair:2   | Identified the ring "Quzeuvot" {rN+ Will+ rCorr Int+2}
 16950 | Lair:2   | Found a hole to the Spider Nest.
 17757 | Lair:3   | Found a staircase to the Shoals.
 17762 | Lair:3   | Noticed Amaemon
 18331 | Lair:3   | Noticed Snorg
 18343 | Lair:2   | Killed Amaemon
 18344 | Lair:2   | Reached skill level 24 in Axes
 18725 | Lair:3   | Killed Snorg
 19214 | Lair:3   | Identified the +8 short sword "Impslayer" {holy, *Noise
                  | rElec rCorr Int+2}
 19385 | Lair:3   | Reached skill level 25 in Axes
 20300 | Lair:4   | Received a gift from Trog
 20350 | Lair:4   | Reached XP level 14. HP: 140/140 MP: 13/13
 20599 | Lair:4   | Found a staircase to the Slime Pits.
 21230 | Lair:5   | Entered Level 5 of the Lair of Beasts
 21465 | Lair:5   | HP: 10/210 [guardian serpent (4)]
 21469 | Lair:5   | HP: 4/210 [poisoned by a black mamba]
 21471 | Lair:5   | HP: 1/210 [poisoned by a black mamba]
 21473 | Lair:5   | Succumbed to a black mamba's poison

Illustrated notes

Levels and vault maps discovered:
D:1:      minmay_arrival_cross, layout_basic
D:2:      layout_basic, dreamdust_ecumenical_altar_angels_and_demons,
          serial_shops, shop, uniq_robin, uniq_sigmund, uniq_natasha,
          uniq_jessica
D:3:      layout_loops_ring, uniq_terence
D:4:      layout_loops_cross, nicolae_ru_awakened_eye, marbit_many_paths,
          minmay_temple_entry_glassed_door, enter_ossuary_1, uniq_pargi,
          uniq_duvessa
D:5:      layout_gridville, grunt_temple_overflow_holy_war, trog_hazing_becter,
          kennysheep_mini, mainiacjoe_overflow_alcove_4, uniq_grinder
D:6:      gammafunk_cloud_chamber, layout_basic, mainiacjoe_overflow_catwalk,
          kennysheep_little_box, lemuel_flamethrower_2
D:7:      layout_loops_ring
D:8:      layout_rooms, nicolae_sif_muna_little_library, uniq_maggie
D:9:      layout_layer_cave, nicolae_overflow_hidden_temple,
          mainiacjoe_overflow_chevrons, bh_walls_and_bars, uniq_harold
D:10:     layout_small_grid, due_lair_maze_entry_diamond,
          kennysheep_orc_monster_closet_entryway, special_room
          [special_room_bee]
D:11:     layout_loops_ring, nzn_random_ring, uniq_nergalle
D:12:     layout_roguey, kennysheep_windowed_goal, uniq_gastronok
D:13:     minmay_four_partial_circles, layout_cave_pools, david_vaults_3,
          uniq_urug, uniq_erolcha
D:14:     layout_loops_cross, pdpol_wu_jian_five_deadly_venoms,
          nicolae_uskayaw_suspiria
Lair:1:   layout_regular_city, gauntlet_entry_generic, roderic_batcave
Lair:2:   layout_roguey, nicolae_spider_entry_orb_guardian, special_room,
          uniq_sonja
Lair:3:   layout_misc_corridors, minmay_shoals_entry_beasts, grunt_megastairs_3,
          uniq_snorg, uniq_amaemon
Lair:4:   layout_cave_pods, slime_entry_1, patterned_corridor
Lair:5:   hangedman_lair_tendril_chambers, layout_small_grid, wormcave

Skill      XL: |  1  2  3  4  5  6  7  8  9 10 11 12 13 |
---------------+----------------------------------------+-----
Axes           | 4 6 7 8 9 11 14 16 18 21 25 | 25.9
Fighting       | 4 5 6 7 8 10 12 14 15 17 | 17.5
Armour         | |  2.4
Dodging        | |  2.1

Action                   |  1- 3 |  4- 6 |  7- 9 | 10-12 | 13-15 || total
-------------------------+-------+-------+-------+-------+-------++-------
Melee: Hand axe          |    83 |    74 |    81 |       |       ||   238
       Headbutt          |     4 |    13 |    51 |    54 |    52 ||   174
       Punch             |       |     1 |     1 |       |       ||     2
       Battleaxe         |       |       |   166 |   276 |   163 ||   605
       Executioner's axe |       |       |       |       |    74 ||    74
Throw: Throwing net      |       |       |     1 |       |       ||     1
Invok: Berserk           |     1 |     1 |     1 |     7 |     2 ||    12
       Brothers in Arms  |       |       |       |     5 |     1 ||     6
Evoke: Wand              |       |     2 |       |     4 |       ||     6
  Use: Scroll            |       |       |    16 |     4 |    10 ||    30
       Potion            |       |       |       |     1 |       ||     1
 Stab: Sleeping          |     1 |       |     2 |       |       ||     3
       Petrified         |       |       |       |     5 |       ||     5
       Petrifying        |       |       |       |       |     1 ||     1
Armor: Animal skin       |     6 |       |       |       |       ||     6
       Chain mail        |    27 |     9 |       |       |       ||    36
       Scale mail        |       |    31 |    90 |       |       ||   121
       Ring mail         |       |       |    10 |   129 |    80 ||   219
Dodge: Dodged            |    42 |    54 |   119 |   333 |   192 ||   740
